 Dungeon Crawl Stone Soup version 0.31.0-4-g52a2dc7128 (webtiles) character file.

Game seed: 12253696922812246051

35817 shadowrider38 the Severer (level 13, -7/122 HPs)
             Began as a Minotaur Fighter on Jan 22, 2024.
             Mangled by Kirke (12 damage)
             ... on level 4 of the Lair of Beasts.
             The game lasted 00:09:11 (15085 turns).

shadowrider38 the Severer (Minotaur Fighter)       Turns: 15085, Time: 00:09:11

Health: -7/122     AC:  0    Str: 27    XL:     13   Next: 49%
Magic:  12/12      EV: 13    Int:  5    God:
Gold:   1081       SH:  0    Dex:  9    Spells: 12/12 levels left

rFire   . . .        a - melded +4 war axe
rCold   . . .        c - melded +0 buckler
rNeg    . . .        E - melded +1 chain mail {rPois}
rPois   .            x - melded +1 hat
rElec   .            k - melded +0 cloak
rCorr   .            (gloves currently unavailable)
SInv    .            (boots currently unavailable)
Will    .....        (no amulet)
Stlth   +            i - melded +4 ring of protection
HPRegen 0.40/turn    C - melded +5 ring of evasion
MPRegen 0.13/turn

%: no passive effects
@: about to teleport, pig-form, slowed
A: fast, no casting, small, (horns 2), (retaliatory headbutt)
a: no special abilities


You were on level 4 of the Lair of Beasts.
You were a filthy swine.
You visited 3 branches of the dungeon, and saw 15 of its levels.

You collected 1081 gold pieces.

Inventory:

Hand Weapons
 a - a +4 war axe (melded)
 b - a +1 flail of draining
 H - the +6 long sword "Giala" {freeze, Fly Stlth+}
   (You found it on level 1 of the Lair of Beasts)

   Fly:       It grants you flight.
   Stlth+:    It makes you more stealthy.
Missiles
 t - 7 boomerangs (quivered)
Armour
 c - a +0 buckler (melded)
 k - a +0 cloak (melded)
 x - a +1 hat (melded)
 E - a +1 chain mail of poison resistance (melded)
Jewellery
 d - a +6 ring of intelligence
 g - a ring of resist corrosion
 i - a +4 ring of protection (melded)
 C - a +5 ring of evasion (melded)
Wands
 f - a wand of roots (18)
 r - a wand of light (1)
 P - a wand of paralysis (7)
 V - a wand of flame (40)
Scrolls
 h - 3 scrolls of enchant weapon {unknown}
 j - a scroll of revelation {unknown}
 m - 2 scrolls of immolation
 n - a scroll of noise {unknown}
 o - a scroll of silence {unknown}
 p - 4 scrolls of amnesia {unknown}
 s - a scroll of poison {unknown}
 u - a scroll of torment {unknown}
 w - a scroll of blinking {unknown}
 y - a scroll of fear {unknown}
 z - 2 scrolls of vulnerability
 F - a scroll of fog {unknown}
 I - 3 scrolls of brand weapon {unknown}
 R - 3 scrolls of identify
 T - 7 scrolls of teleportation
Potions
 e - 2 potions of mutation
 l - 2 potions of invisibility {unknown}
 q - 2 potions of magic
 v - a potion of resistance {unknown}
 A - 3 potions of heal wounds {unknown}
 B - 2 potions of attraction {unknown}
 D - 2 potions of lignification {unknown}
 G - a potion of brilliance {unknown}
 Q - 3 potions of curing
Miscellaneous
 Y - a tin of tremorstones (2/2)


   Skills:
 + Level 13.1 Fighting
 * Level 17.5 Axes
 + Level 13.1 Armour
 + Level 13.1 Shields


You had 12 spell levels left.
You didn't know any spells.
Your spell library contained the following spells:

 Spells                   Type           Power      Damage    Failure   Level
 Freeze                   Ice            0%         1d3       47%         1
 Call Imp                 Summ           0%         N/A       63%         2
 Ensorcelled Hibernation  Hex/Ice        0%         N/A       63%         2
 Mercury Vapours          Alch/Air       0%         N/A       63%         2
 Sublimation of Blood     Necr           0%         N/A       63%         2
 Frozen Ramparts          Ice            0%         1d1       85%         3
 Fugue of the Fallen      Necr           0%         N/A       85%         3
 Hailstorm                Conj/Ice       0%         3d5       85%         3
 Mephitic Cloud           Conj/Alch/Air  0%         N/A       85%         3
 Ozocubu's Armour         Ice            0%         N/A       85%         3
 Passwall                 Erth           0%         N/A       85%         3
 Swiftness                Air            0%         N/A       85%         3
 Tukima's Dance           Hex            0%         N/A       85%         3
 Dimensional Bullseye     Hex/Tloc       0%         N/A       99%         4
 Iskenderun's Mystic Bla  Conj/Tloc      0%         2d3       99%         4
 Manifold Assault         Tloc           0%         N/A       99%         4
 Freezing Cloud           Conj/Ice/Air   0%         6-21      100%        5
 Summon Forest            Summ/Tloc      0%         N/A       100%        5
 Summon Mana Viper        Hex/Summ       0%         N/A       100%        5
 Summon Cactus Giant      Summ           0%         N/A       100%        6
 Summon Hydra             Summ           0%         N/A       100%        7


Dungeon Overview and Level Annotations

Branches:
Dungeon (10/15) Zot: 23026  Temple (1/1) D:6 Zot: 5996    Lair (4/5) D:9 Zot: 20746
  Swamp (0/4) Lair:3       Spider (0/4) Lair:2          Orc (0/2) D:10
  Slime: Lair:4-5

Altars:
Ashenzari
Cheibriados
Dithmenos
Elyvilon
Fedhas
Gozag
Hepliaklqana
Kikubaaqudgha
Makhleb
Nemelex Xobeh
Okawaru
Qazlal
Ru
Sif Muna
Trog
Uskayaw
Vehumet
Wu Jian
Xom
Yredelemnul
Zin
The Shining One
Ignis

Shops:
D:8 :

Annotations:
Lair:4 Kirke


Innate Abilities, Weirdness & Mutations

You are a filthy swine.
You move quickly.
Your equipment is almost entirely melded.
You are incapable of wielding weapons or throwing items.
You cannot cast spells.
((You have a pair of horns on your head.))
((You reflexively headbutt those who attack you in melee.))


Message History

You block the hog's attack. The hog misses you. x2
Kirke casts a spell at you.
You turn into a filthy swine.
Your +4 war axe melds into your body.
Your +0 cloak melds into your body.
Your +1 hat melds into your body.
Your +0 buckler melds into your body.
Your +1 chain mail of poison resistance melds into your body.
Your +4 ring of protection melds into your body.
Your +5 ring of evasion melds into your body.
You no longer feel resistant to poison.
You closely miss Kirke.
Kirke is heavily wounded.
The hog bites you. The hog misses you. The hog bites you!
You hit Kirke.
Kirke is severely wounded.
Kirke casts a spell at you.
You feel yourself slow down. The hog barely misses you. The hog bites you!
The hog barely misses you.
You bite Kirke!
Kirke is severely wounded.
The hog bites you! Kirke gestures at you while chanting.
You feel a momentary urge to oink. The hog bites you! The hog bites you.
You hit Kirke.
Kirke is severely wounded.
The hog barely misses you. The hog bites you. The hog bites you!
Kirke hits you. The hog bites you! The hog barely misses you.
The hog closely misses you.
Unknown command.
You hit Kirke but do no damage.
Kirke is severely wounded.
Kirke howls an incantation.
Kirke hits you.
The sphinx casts a spell.
Something smites you!
* * * LOW HITPOINT WARNING * * *
The hog barely misses you. The hog completely misses you.
The hog closely misses you.
Kirke says, "Odis was a nice man; you're awful."
Kirke hits you!
* * * LOW HITPOINT WARNING * * *
The hog bites you.
* * * LOW HITPOINT WARNING * * *
Okay, then.
As you read the scroll of teleportation, it crumbles to dust.
You feel strangely unstable. The hog bites you!
* * * LOW HITPOINT WARNING * * *
The hog bites you.
* * * LOW HITPOINT WARNING * * *
The hog closely misses you. x2; The hog barely misses you.
Kirke hits you!
You die...

..#P#..## #...#
......#.. #..##
........###..## ##.
........##....# .$..
.............######....
..............#...P....
.......................
........†...............
...........##...hh......
.........###...hh@......
.........###....H.......
..........##P...........
......##..##............
.#.......###............
.........# ##...........
........## ##..........
......#.#


You could see Kirke, a sphinx (summoned) and 3 hogs.

Vanquished Creatures
  A hydra (Lair:2)
  Fannar (D:9)
  4 centaur warriors
  2 ghost crabs (Lair:3)
  A catoblepas (Lair:1)
  9 death yaks
  A spectral catoblepas (Lair:3)
  2 spectral death yaks (Lair:3)
  An ugly thing (D:7)
  A deep elf pyromancer (D:10)
  7 centaur zombies (D:10)
  A black mamba (Lair:1)
  3 cane toads
  3 komodo dragons
  2 efreet (D:10)
  2 polar bears
  A tarantella (Lair:2)
  3 tyrant leeches
  A shadow (D:10)
  Sigmund (D:2)
  6 vampires
  Eustachio (D:5)
  31 yaks
  5 basilisks
  10 wyverns
  A hog (Lair:4)
  3 steam dragons
  3 vampire mosquitoes (D:10)
  10 water moccasins
  2 acid dragons
  A swamp drake (D:10)
  7 orc warriors
  An ice beast (D:5)
  A black bear (D:8)
  6 wolves (Lair:3)
  2 ogres
  3 centaurs
  A phantom (D:6)
  2 kobold brigands (D:9)
  10 bullfrogs
  8 gnoll sergeants
  7 scorpions
  10 wights
  2 howler monkeys
  A vampire bat (D:3)
  An electric eel (Lair:2)
  4 bombardier beetles
  2 jellies
  4 orc priests
  Crazy Yiuf (D:2)
  5 hounds
  A gnoll bouda (D:6)
  An iguana (D:6)
  11 orc wizards
  9 hell rats
  13 gnolls (D:6)
  12 river rats (Lair:3)
  8 adders
  2 shadow imps
  A white imp (D:8)
  2 dart slugs (D:4)
  9 fire bats
  31 orcs
  2 spectral bats (D:3)
  13 bats
  3 bat skeletons (D:3)
  A bat zombie (D:3)
  6 endoplasms
  A giant cockroach (D:4)
  9 goblins
  8 hobgoblins
  8 jackals
  11 quokkas
  4 ball pythons
  A bat simulacrum (D:3)
  3 frilled lizards
  14 kobolds
  14 rats
396 creatures vanquished.

Vanquished Creatures (others)
  A pharaoh ant (Lair:2)
1 creature vanquished.

Grand Total: 397 creatures vanquished

Notes
Turn   | Place    | Note
-------+----------+-------------------------------------------
     0 | D:1      | shadowrider38 the Minotaur Fighter began the quest for the
                  | Orb.
     0 | D:1      | Reached XP level 1. HP: 19/19 MP: 0/0
   150 | D:1      | Reached XP level 2. HP: 24/27 MP: 1/1
   499 | D:1      | Reached skill level 3 in Axes
   826 | D:2      | Noticed Sigmund
   837 | D:2      | Killed Sigmund
   838 | D:2      | Reached skill level 4 in Axes
   838 | D:2      | Reached XP level 3. HP: 17/34 MP: 2/2
   838 | D:2      | Reached XP level 4. HP: 21/41 MP: 3/3
   838 | D:2      | Reached XP level 5. HP: 24/47 MP: 4/4
  1360 | D:2      | Found a runed translucent door.
  1361 | D:2      | Noticed Crazy Yiuf
  1569 | D:2      | Killed Crazy Yiuf
  1570 | D:2      | Reached skill level 5 in Axes
  1871 | D:3      | Reached XP level 6. HP: 55/55 MP: 5/5
  2240 | D:4      | Found a broken altar of Ashenzari.
  2250 | D:4      | Reached skill level 6 in Axes
  2250 | D:4      | Reached XP level 7. HP: 61/61 MP: 6/6
  2630 | D:5      | Entered Level 5 of the Dungeon
  2739 | D:5      | Noticed Eustachio
  2755 | D:5      | Killed Eustachio
  2756 | D:5      | Reached skill level 7 in Axes
  2769 | D:5      | Reached XP level 8. HP: 70/70 MP: 7/7
  3491 | D:6      | Found a glowing golden altar of the Shining One.
  3507 | D:6      | Found a staircase to the Ecumenical Temple.
  3521 | Temple   | Entered the Ecumenical Temple
  3528 | D:6      | Reached skill level 8 in Axes
  3567 | D:6      | Found an ancient bone altar of Kikubaaqudgha.
  4155 | D:6      | Reached skill level 9 in Axes
  4473 | D:6      | Reached XP level 9. HP: 8/79 MP: 8/8
  4922 | D:7      | Found a hazy altar of Hepliaklqana.
  5077 | D:7      | Identified the +0 robe "Hekhlej" {Harm}
  5173 | D:7      | Noticed a cyan ugly thing
  5192 | D:7      | Killed a cyan ugly thing
  5618 | D:8      | Reached skill level 10 in Axes
  5959 | D:8      | Found Luzog's Vocational Training.
  5976 | D:8      | Found a bloodstained altar of Trog.
  5985 | D:8      | Found a shimmering altar of Xom.
  5986 | D:8      | Found a shadowy altar of Dithmenos.
  6289 | D:9      | Found an iron altar of Okawaru.
  6312 | D:9      | Noticed a death yak
  6334 | D:9      | Killed a death yak
  6335 | D:9      | Reached skill level 11 in Axes
  6434 | D:9      | Found a staircase to the Lair.
  6435 | D:9      | Noticed a death yak
  6443 | D:9      | Noticed a death yak
  6458 | D:9      | Killed a death yak
  6459 | D:9      | Reached XP level 10. HP: 55/90 MP: 9/9
  6474 | D:9      | Killed a death yak
  6475 | D:9      | Reached skill level 9 in Fighting
  6475 | D:9      | Reached skill level 9 in Armour
  6475 | D:9      | Reached skill level 9 in Shields
  6932 | D:9      | Found a burning altar of Makhleb.
  6978 | D:9      | Found a stormy altar of Qazlal.
  6996 | D:9      | Reached skill level 12 in Axes
  7097 | D:9      | Noticed a centaur warrior
  7117 | D:9      | Identified the +6 dagger "Reosonn" {freeze, rF+}
  7118 | D:9      | Killed a centaur warrior
  7143 | D:9      | Reached XP level 11. HP: 59/99 MP: 10/10
  7151 | D:9      | Reached skill level 13 in Axes
  7715 | D:10     | Entered Level 10 of the Dungeon
  8132 | D:10     | Noticed Fannar
  8135 | D:10     | Noticed a deep elf pyromancer
  8169 | D:9      | Killed Fannar
  8440 | D:10     | Killed a deep elf pyromancer
  8487 | D:10     | Found the +8 Vampire's Tooth {megavamp}
  9302 | D:10     | Reached skill level 14 in Axes
 10126 | D:10     | Reached XP level 12. HP: 87/110 MP: 11/11
 10208 | D:10     | Reached skill level 15 in Axes
 10405 | D:10     | Found a staircase to the Orcish Mines.
 10545 | D:10     | Found a sparkling altar of Nemelex Xobeh.
 10683 | D:10     | Noticed a centaur warrior
 10685 | D:10     | Noticed a centaur warrior
 10977 | D:10     | Killed a centaur warrior
 10983 | D:10     | Killed a centaur warrior
 11260 | D:10     | Noticed a centaur warrior
 11299 | D:10     | Killed a centaur warrior
 11487 | D:10     | Found a candlelit altar of Ignis.
 11525 | D:10     | Identified the +3 leather armour of the Untouchables {Will+
                  | Dex+2}
 11761 | Lair:1   | Entered Level 1 of the Lair of Beasts
 11875 | Lair:2   | Found a hole to the Spider Nest.
 11878 | Lair:2   | Noticed a catoblepas
 11904 | Lair:1   | Killed a catoblepas
 11964 | Lair:2   | Noticed a four-headed hydra
 11974 | Lair:2   | Killed a four-headed hydra
 11975 | Lair:2   | Reached skill level 16 in Axes
 12142 | Lair:2   | Noticed a death yak
 12142 | Lair:2   | Noticed a death yak
 12143 | Lair:2   | Noticed a death yak
 12143 | Lair:2   | Noticed a death yak
 12144 | Lair:2   | Noticed a death yak
 12144 | Lair:2   | Noticed a death yak
 12169 | Lair:1   | Killed a death yak
 12281 | Lair:1   | Identified the +6 long sword "Giala" {freeze, Fly Stlth+}
 13019 | Lair:2   | Killed a death yak
 13020 | Lair:2   | Reached XP level 13. HP: 69/119 MP: 12/12
 13901 | Lair:3   | Reached skill level 17 in Axes
 14524 | Lair:3   | Found a frozen archway.
 14902 | Lair:3   | Found a staircase to the Swamp.
 15072 | Lair:4   | Noticed Kirke
 15078 | Lair:4   | Noticed a sphinx
 15085 | Lair:4   | HP: 5/122 [hog[Kirke] (4)]
 15085 | Lair:4   | Mangled by Kirke

Illustrated notes

Levels and vault maps discovered:
D:1:      dpeg_arrival_renting, layout_loops_corners, minmay_distorted
D:2:      layout_rooms, dk_noncrumbling_3, nicolae_figureground_sparkle,
          uniq_sigmund, uniq_crazy_yiuf_cottage
D:3:      layout_rooms, goddamned_bats
D:4:      layout_cave_pools, ashenzari_altar_1,
          nicolae_concentric_dashed_squares_wild
D:5:      layout_basic, uniq_eustachio
D:6:      layout_gridville, nicolae_kikubaaqudgha_miasma_corner,
          overflow_temple_1_default, minmay_temple_entry_statues_fountains
D:7:      layout_gridville, amcnicky_altar_gilded, minmay_misc_feat_rugged
D:8:      layout_basic, minitemple, kennysheep_cross_room,
          nicolae_shop_vocational
D:9:      layout_small_grid, kennysheep_mini, mainiacjoe_overflow_boulevard,
          okawaru_gym_becter, dpeg_lair_monsters, minivault_1, grunt_potential
D:10:     regret_index_infernal_bastille, layout_rooms,
          nemelex_diamond_rough_becter, erik_orc_1,
          minmay_guarded_unrand_vampires_tooth, uniq_fannar
Temple:   minmay_freezing_vapour_temple
Lair:1:   layout_roguey, pdpol_lair_neglected_garden, serial_bayou_shore_b,
          grunt_megastairs_2
Lair:2:   layout_chaotic_city, nicolae_spider_entry_lesser_pyramids,
          grunt_megastairs_4, serial_bayou_shore_a
Lair:3:   lemuel_ratsnest, layout_regular_city, nicolae_swamp_entry_spooky,
          portal_ice_cave_entry_pillars_2, serial_bayou_shore_b
Lair:4:   layout_cave_shapes, slime_entry_2, grunt_megastairs_1,
          lemuel_fruit_tree, lemuel_fruit_fields, uniq_kirke

Skill      XL: |  1  2  3  4  5  6  7  8  9 10 11 12 13 |
---------------+----------------------------------------+-----
Axes           | 4 5 6 7 9 11 12 14 16 17 | 17.5
Shields        | 4 5 6 7 8 9 11 12 13 | 13.1
Fighting       | 4 5 6 7 8 9 11 12 13 | 13.1
Armour         | 4 5 6 7 8 9 11 12 13 | 13.1

Action                     |  1- 3 |  4- 6 |  7- 9 | 10-12 | 13-15 || total
---------------------------+-------+-------+-------+-------+-------++-------
  Melee: War axe           |    43 |   103 |   270 |   588 |   183 ||  1187
         Headbutt          |     4 |    18 |    49 |   145 |    40 ||   256
         Flail             |       |       |       |     4 |       ||     4
         Unarmed           |       |       |       |       |     5 ||     5
  Throw: Throwing net      |       |       |     1 |       |       ||     1
  Evoke: Wand              |       |       |     7 |     5 |       ||    12
    Use: Potion            |     1 |       |       |     8 |       ||     9
         Scroll            |       |       |       |     8 |     2 ||    10
   Stab: Paralysed         |       |       |     2 |     4 |       ||     6
         Held in net/web   |       |       |     2 |       |       ||     2
 Armour: Scale mail        |    22 |    99 |   191 |    84 |       ||   396
         Plate armour      |       |       |       |   295 |       ||   295
         Chain mail        |       |       |       |    92 |   107 ||   199
         Skin              |       |       |       |       |    16 ||    16
  Dodge: Dodged            |    29 |    68 |   139 |   327 |   123 ||   686
  Block: Buckler           |    11 |    37 |    70 |   174 |    33 ||   325
